 Dungeon Crawl Stone Soup version 0.18.1-2-ga659475 (webtiles) character file.

8 HungrySpirit the Chiller (level 2, 0/19 HPs)
             Began as a Formicid Ice Elementalist on May 8, 2016.
             Slain by a kobold
             ... wielding a +0 whip
              (8 damage)
             ... on level 1 of the Dungeon.
             The game lasted 00:00:37 (243 turns).

HungrySpirit the Chiller (Formicid Ice Elementalist) Turns: 243, Time: 00:00:38

Health: 0/19       AC:  2    Str: 12    XL:     2   Next: 15%
Magic:  1/5        EV: 12    Int: 14    God:
Gold:   0          SH:  0    Dex: 11    Spells: 1 memorised, 4 levels left

rFire  . . .     SeeInvis +     f - +0 whip
rCold  . . .     Gourm    .     a - +0 robe
rNeg   . . .     Faith    .     (no shield)
rPois  .         Spirit   .     (helmet unavailable)
rElec  .         Dismiss  .     (no cloak)
rCorr  .         Reflect  .     (no gloves)
SustAt .         Harm     .     (no boots)
MR     .....                    (no amulet)
Stlth  ++........               (no ring)
                                (no ring)

@: not resistant to hostile enchantments, unstealthy
A: permanent stasis, dig shafts and tunnels, four strong arms, antennae 3
a: Dig, Shaft Self


You were on level 1 of the Dungeon.
You were not hungry.

You visited 1 branch of the dungeon, and saw 1 of its levels.

Inventory:

Hand Weapons
 f - a +0 whip (weapon)
Armour
 a - a +0 robe (worn)
Scrolls
 d - 2 scrolls of identify {unknown}
 g - a scroll of blinking {unknown}
Potions
 e - 2 potions of berserk rage {unknown}
Books
 b - a book of Frost

   Spells                             Type                      Level
   a - Freeze                         Ice                          1
   b - Throw Frost                    Conjuration/Ice              2
   c - Ozocubu's Armour               Charms/Ice                   3
   d - Throw Icicle                   Conjuration/Ice              4
   e - Summon Ice Beast               Ice/Summoning                4
Comestibles
 c - a bread ration
 h - 2 chunks of flesh


   Skills:
 - Level 0.2 Fighting
 * Level 1.3 Maces & Flails
 - Level 0.4 Armour
 - Level 1.7 Dodging
 - Level 2.4 Stealth
 - Level 2.1 Spellcasting
   Level 0.8 Conjurations
 - Level 3.0 Ice Magic


You had 4 spell levels left.
You knew the following spells:

 Your Spells              Type           Power        Failure   Level  Hunger
a - Freeze                Ice            #...         10%         1    #......


Dungeon Overview and Level Annotations

Branches:
Dungeon (1/15)

Altars:


Innate Abilities, Weirdness & Mutations

You are under a permanent stasis effect.
You can dig through walls and to a lower floor.
Your four strong arms can wield two-handed weapons with a shield.
You have a pair of large antennae on your head (SInv).


Message History

The giant gecko is moderately wounded.
The giant gecko bites you.
Casting: Freeze
Confirm with . or Enter, or press ? or * to list all spells.
You don't have enough magic to cast that spell.
Unknown command.
You hit the giant gecko.
You kill the giant gecko!
The kobold throws a stone.
The stone hits you.
Things that are here:
a dagger; a giant gecko corpse The kobold closely misses you.
You barely miss the kobold. The kobold hits you but does no damage.
You closely miss the kobold. The kobold hits you with a whip.
The kobold closely misses you.
You barely miss the kobold. The kobold hits you with a whip.
A bat comes into view.
You barely miss the kobold. The kobold closely misses you.
You closely miss the kobold. The kobold hits you with a whip!
You die...

.## #.# ...............)
######.##...............##
#.....(......b..........#
#......(.###............#
..........# #............#
..........# #............#.#.
.......(†.## #..............
...........## #..K...........
............# #.@............
...###......###).............
## #........(.............>
#.#.......##........#...
...........##........#...
..##.#.................# .. .
................##...#
.#.#.............# ##.#
................. ..


You could see a bat and a kobold.

Vanquished Creatures
  A dart slug (D:1)
  A giant gecko (D:1)
  A goblin (D:1)
  A kobold (D:1)
  A rat (D:1)
5 creatures vanquished.

Notes
Turn   | Place    | Note
--------------------------------------------------------------
     0 | D:1      | HungrySpirit the Formicid Ice Elementalist began the quest for the Orb.
     0 | D:1      | Reached XP level 1. HP: 13/13 MP: 3/3
   234 | D:1      | Reached skill level 1 in Maces & Flails
   234 | D:1      | Reached XP level 2. HP: 15/19 MP: 1/5
   243 | D:1      | Slain by a kobold

Skill      XL: |  1 |
---------------+----+-----
Maces & Flails | 1 |  1.3
Fighting       | |  0.2
Armour         | |  0.4
Dodging        | |  1.7
Stealth        | |  2.4
Spellcasting   | |  2.1
Conjurations   | |  0.8
Ice Magic      | |  3.0

Action                   || total
-------------------------++-------
Melee: Whip              ||    12
       Unarmed           ||     1
 Cast: Freeze            ||     5
Armor: Robe              ||     1
Dodge: Dodged            ||     5
